 Dungeon Crawl Stone Soup version 0.29-a0-1065-g47a6bb87d6 (webtiles) character file.

Game seed: 14514352787368662025

16984 wilfster70 the Thaumaturge (level 12, -3/70 HPs)
             Began as a Gargoyle Earth Elementalist on Aug 17, 2022.
             Was a Priest of Vehumet.
             Slain by a yak (9 damage)
             ... on level 2 of the Lair of Beasts on Aug 18, 2022.
             The game lasted 00:38:20 (17953 turns).

wilfster70 the Thaumaturge (GrEE)                  Turns: 17953, Time: 00:38:21

Health: -3/70      AC: 11    Str: 12    XL:     12   Next: 43%
Magic:  2/35       EV: 11    Int: 25    God:    Vehumet [***...]
Gold:   855        SH:  0    Dex: 10    Spells: 10/31 levels left

rFire   + + +      SeeInvis .   a - +6 mace "Enwusine" {vorpal, Int+4}
rCold   + . .      Faith    .   (no shield)
rNeg    + . .      Spirit   .   w - +2 robe {rC+ rF+}
rPois   ∞          Reflect  .   (no helmet)
rElec   +          Harm     .   (no cloak)
rCorr   .          Rampage  .   (no gloves)
Will    .....                   k - +2 pair of boots
Stlth   ++........              o - amulet of the acrobat
HPRegen 0.21/turn               l - ring "Pemooxea" {*Corrode rF++ MP+9}
MPRegen 0.24/turn               C - ring of wizardry

@: corroded
A: sickness immunity, AC +8, negative energy resistance 1, electricity
resistance, torment resistance 1, petrification resistance
a: Renounce Religion


You were on level 2 of the Lair of Beasts.
You worshipped Vehumet.
Vehumet was most pleased with you.
You visited 3 branches of the dungeon, and saw 13 of its levels.
You also visited: Sewer, Ossuary and Bailey.

You collected 947 gold pieces.
You spent 92 gold pieces at shops.

Inventory:

Hand Weapons
 a - the +6 mace "Enwusine" (weapon) {vorpal, Int+4}
   (You found it on level 3 of the Dungeon)

   It inflicts extra damage upon your enemies.
   Int:       It affects your intelligence (+4).
Armour
 k - a +2 pair of boots (worn)
 w - a +2 robe of resistance (worn)
 z - +0 steam dragon scales
 E - a +1 troll leather armour
Magical Staves
 A - a staff of conjuration
Jewellery
 l - the ring "Pemooxea" (left hand) {*Corrode rF++ MP+9}
   (You took it off a vampire on level 9 of the Dungeon)

   [ring of magical power]

   rF:        It greatly protects you from fire.
   MP:        It affects your magic capacity (+9).
   *Corrode:  It may corrode you when you take damage.
 o - an amulet of the acrobat (around neck)
 B - an amulet of guardian spirit
 C - a ring of wizardry (right hand)
Wands
 j - a wand of flame (38)
 n - a wand of quicksilver (8)
 D - a wand of iceblast (11)
Scrolls
 f - 3 scrolls of fear
 m - 8 scrolls of teleportation
 q - 4 scrolls of amnesia
 r - 5 scrolls of identify
 s - 2 scrolls of poison
 t - 2 scrolls of immolation
 u - a scroll of magic mapping
 F - a scroll of butterflies
 G - a scroll of blinking
 H - a scroll of silence
Potions
 b - 3 potions of magic
 c - 2 potions of haste
 d - 2 potions of flight
 e - 7 potions of curing
 g - 2 potions of invisibility
 h - a potion of might
 i - 2 potions of heal wounds
 p - 4 potions of mutation
 v - 3 potions of attraction
 x - 3 potions of brilliance
 y - 3 potions of lignification


   Skills:
 + Level 6.0 Fighting
 - Level 1.5 Dodging
 - Level 2.1 Stealth
 - Level 10.0 Spellcasting
 - Level 7.6 Conjurations
 - Level 9.3 Necromancy
 - Level 0.7 Transmutations
 + Level 5.4 Fire Magic
 - Level 10.0 Earth Magic


You had 10 spell levels left.
You knew the following spells:

 Your Spells              Type           Power      Damage    Failure   Level
a - Mephitic Cloud        Conj/Pois/Air  25%        N/A       1%          3
b - Stone Arrow           Conj/Erth      100%       3d13      1%          3
c - Borgnjor's Vile Clut  Necr/Erth      28%        N/A       1%          5
d - Iskenderun's Mystic   Conj/Tloc      31%        2d8       1%          4
e - Starburst             Conj/Fire      22%        6d8       6%          6

Your spell library contained the following spells:

 Spells                   Type           Power      Damage    Failure   Level
 Inner Flame              Hex/Fire       26%        N/A       1%          3
 Beastly Appendage        Tmut           32%        N/A       1%          1
 Magic Dart               Conj           100%       1d8       1%          1
 Sandblast                Erth           100%       2d20      1%          1
 Slow                     Hex            48%        N/A       1%          1
 Sting                    Tmut/Pois      56%        1d5       1%          1
 Passwall                 Tmut/Erth      32%        N/A       1%          2
 Poisonous Vapours        Pois/Air       24%        N/A       1%          2
 Static Discharge         Conj/Air       31%        3-7/arc   1%          2
 Conjure Flame            Conj/Fire      45%        6-21      1%          3
 Dazzling Flash           Conj/Hex       62%        N/A       1%          3
 Ignite Poison            Fire/Tmut/Pois 22%        N/A       1%          3
 Vampiric Draining        Necr           56%        2d10      1%          3
 Animate Dead             Necr           56%        N/A       1%          4
 Dispel Undead            Necr           56%        3d20      1%          4
 Sticky Flame             Conj/Fire      45%        2d6       1%          4
 Wereblood                Tmut           16%        N/A       2%          2
 Petrify                  Tmut/Erth      39%        N/A       2%          4
 Call Imp                 Summ           12%        N/A       3%          2
 Spider Form              Tmut/Pois      14%        N/A       5%          3
 Olgreb's Toxic Radiance  Pois           12%        N/A       5%          4
 Confusing Touch          Hex            12%        N/A       6%          3
 Death Channel            Necr           28%        N/A       6%          6
 Alistair's Intoxication  Tmut/Pois      9%         N/A       41%         5
 Summon Forest            Summ/Tloc      6%         N/A       45%         5
 Summon Mana Viper        Hex/Summ       12%        N/A       45%         5
 Eringya's Noxious Bog    Tmut/Pois      7%         N/A       50%         6
 Summon Cactus Giant      Summ           6%         N/A       95%         6


Dungeon Overview and Level Annotations

Branches:
Dungeon (10/15)            Temple (1/1) D:5            Lair (2/5) D:8
  Snake (0/4) Lair:2        Sewer (visited)         Ossuary (visited)
 Bailey (visited)
  Swamp: Lair:2-3    Shoals: Lair:2-3       Orc: D:9-12

Altars:
Ashenzari
Elyvilon
Hepliaklqana
Kikubaaqudgha
Okawaru
Trog
Vehumet
Wu Jian
Yredelemnul

Shops:
D:1 [

Annotations:
D:10 exclusion: upstairs


Innate Abilities, Weirdness & Mutations

You are immune to sickness and miasma.
Your stone body is resilient. (AC +8)
You are immune to poison.
You resist negative energy. (rN+)
You are resistant to electric shocks. (rElec)
You are resistant to unholy torment.
You are immune to petrification.


Message History

Aim: a yak (almost dead, 100% to hit)
Zombie hands grab the yak. x2
The zombie hands constrict the yak. x2; The yak escapes!
The yak gores you but does no damage.
The yak struggles to escape constriction.
The yak attacks as you move away! The yak barely misses you.
The zombie hands constrict the yak.
The yak completely misses you.
The yak struggles to escape constriction.
You hit the yak.
You kill the yak!
Vehumet accepts your kill.
You feel your power returning.
The zombie hands constrict the yak.
The yak closely misses you.
The yak struggles to escape constriction.
You sock the yak!
The yak is almost dead.
The zombie hands constrict the yak!
The yak misses you.
The yak escapes!
The yak closely misses you.
You hit the yak.
You kill the yak!
Vehumet accepts your kill. The yak completely misses you.
Your Fighting skill increases to level 6!
Casting: Borgnjor's Vile Clutch (dangerous; 1% risk of failure)
Confirm with . or Enter, or press ? or * to list all spells.
Aiming: Stone Arrow (safe; 1% risk of failure)
Press: ? - help, Shift-Dir - straight line, f - yak
Aim: a yak (severely wounded, 87% to hit)
The stone arrow hits the yak!
The yak is almost dead.
The yak gores you but does no damage.
You hit the yak but do no damage.
The yak is almost dead.
The yak gores you but does no damage.
You hit the yak but do no damage.
The yak is almost dead.
The yak gores you!
* * * LOW HITPOINT WARNING * * *
The yak gores you!
You die...

,,.*,,#.............*,,,,,,,**,,,
,,,,,,#......##.....*,,*,***,,,,,
,,,,,,##.....##....#*,***,,***,,,
,,,,,,,###.##.....#*,,,**,,,,,,,,
***#..##...#P.#...#,,,,,*,,,,,,,,
,,,..............#*,,,,,**,,,,,,,
,,,..............#,,***,,*,,,,,,,
,,,............Y.#,,,,,,,*,,,,,,,
,*,.............@#,,,>,,,*,,,,,,,
,**#..#.#P#.#.####,,,,,,,*,,,,,,,
,,*....######..# *,,***,,**,,,,,,
,,,#..##.......#*##,,,,,*****,,,*
,,,,.^*#.......##.#,,,,,*** *,,,*
,,,*,,*#......YY.Y#*,,,**,***,,,*
,,**,,*#........#Y.#*,**,,,,,,,,*
,,,*,,+.........#..Y..,,,,*,,,,,,
**,*,,.#.....<.##....##*,,*,*,,,,


You could see a yak.

Vanquished Creatures
  A hydra (D:8)
  2 two-headed ogres (D:10)
  5 elephants
  5 cane toads
  4 komodo dragons
  3 trolls
  8 blink frogs
  A shadow (D:10)
  A wraith (D:9)
  Sigmund (D:6)
  A vampire (D:9)
  A wyvern (Lair:1)
  21 yaks
  A steam dragon (D:8)
  5 water moccasins
  3 orc warriors
  2 ice beasts
  5 sky beasts
  2 black bears (D:6)
  6 wolves (Lair:1)
  4 centaurs
  A kobold brigand (D:9)
  5 bullfrogs
  A gnoll sergeant (D:8)
  2 scorpions
  9 wights
  2 water moccasin zombies (Ossuary)
  13 killer bees
  A howler monkey (D:9)
  5 hounds
  A jelly (D:6)
  An orc priest (D:9)
  3 orc wizards
  3 iguanas
  2 mummies (Ossuary)
  3 howler monkey zombies (D:8)
  13 gnolls
  4 river rats (D:3)
  11 adders
  4 adder zombies (Ossuary)
  2 worms
  3 dart slugs
  50 orcs
  9 ball pythons
  5 bats
  3 endoplasms
  12 giant cockroaches
  5 hobgoblins
  7 jackals
  15 kobolds
  12 quokkas
  14 frilled lizards
  A gnoll zombie (Ossuary)
  5 goblins
  6 hobgoblin zombies (Ossuary)
  2 kobold zombies (Ossuary)
  2 orc zombies (Ossuary)
  6 rats
325 creatures vanquished.

Vanquished Creatures (others)
  A wizard (D:5)
  3 fungi (Lair:1)
  3 plants (Lair:1)
7 creatures vanquished.

Grand Total: 332 creatures vanquished

Notes
Turn   | Place    | Note
-------+----------+-------------------------------------------
     0 | D:1      | wilfster70 the Gargoyle Earth Elementalist began the quest
                  | for the Orb.
     0 | D:1      | Reached XP level 1. HP: 10/10 MP: 3/3
   501 | D:1      | Reached XP level 2. HP: 15/15 MP: 3/5
  1016 | D:1      | Found Waennarph's Antique Armour Shop.
  1083 | D:1      | Reached XP level 3. HP: 19/19 MP: 3/6
  1087 | D:1      | Learned a level 3 spell: Stone Arrow
  1653 | D:2      | Found a faded altar of an unknown god.
  1736 | D:2      | Reached skill level 5 in Earth Magic
  1885 | D:2      | Identified the +6 hand axe of the New World {venom, rPois
                  | Int+4}
  1925 | D:2      | Reached XP level 4. HP: 24/24 MP: 5/8
  2415 | D:3      | Reached skill level 1 in Conjurations
  2487 | D:3      | Found a glowing drain.
  2497 | Sewer    | Entered a sewer
  2538 | Sewer    | Reached XP level 5. HP: 25/28 MP: 7/9
  3008 | Sewer    | Reached XP level 6. HP: 30/32 MP: 5/11
  3064 | Sewer    | Identified the +3 mace of Viocisch {distort, *Corrode Str+2
                  | Int+4 Stlth+}
  3150 | D:3      | Found a broken altar of Ashenzari.
  3177 | D:3      | Identified the +6 mace "Enwusine" {vorpal, Int+4}
  4778 | D:5      | Entered Level 5 of the Dungeon
  4783 | D:5      | Found a staircase to the Ecumenical Temple.
  4856 | D:5      | Identified the +6 scale mail of the Raven {Contam Str+8
                  | Dex+7 Slay-3}
  4871 | D:5      | Reached XP level 7. HP: 21/36 MP: 9/12
  5094 | D:5      | Found a sand-covered staircase.
  5099 | Ossuary  | Entered an ossuary
  5572 | Temple   | Entered the Ecumenical Temple
  5595 | Temple   | Became a worshipper of Vehumet
  5656 | D:5      | Learned a level 5 spell: Borgnjor's Vile Clutch
  5698 | D:5      | Found a bloodstained altar of Trog.
  5701 | D:5      | Noticed a wizard
  5706 | D:5      | Killed a wizard
  6249 | D:1      | Bought a runed robe for 92 gold pieces
  6488 | D:6      | Reached skill level 1 in Necromancy
  6556 | D:6      | Reached XP level 8. HP: 41/41 MP: 11/15
  6664 | D:6      | Reached skill level 5 in Spellcasting
  6860 | D:6      | Noticed Sigmund
  6867 | D:6      | Killed Sigmund
  7696 | D:7      | Reached XP level 9. HP: 45/45 MP: 7/18
  7819 | D:7      | Reached skill level 5 in Necromancy
  8084 | D:7      | Learned a level 3 spell: Mephitic Cloud
  9034 | D:8      | Found a flagged portal.
  9253 | Bailey   | Entered a bailey
  9539 | Bailey   | Reached * piety under Vehumet
  9539 | Bailey   | Offered knowledge of Freeze by Vehumet.
  9758 | Bailey   | Noticed an orc knight
  9936 | D:8      | Found a staircase to the Lair.
 10478 | D:8      | Reached XP level 10. HP: 50/50 MP: 11/21
 11274 | D:8      | Found a hazy altar of Hepliaklqana.
 11275 | D:8      | Found a faded altar of an unknown god.
 11469 | D:8      | Noticed a six-headed hydra
 11490 | D:8      | Killed a six-headed hydra
 11921 | D:9      | Offered knowledge of Scorch by Vehumet.
 11924 | D:8      | Reached ** piety under Vehumet
 12944 | D:9      | HP: 1/50 [something (10)]
 12952 | D:10     | Entered Level 10 of the Dungeon
 13160 | D:10     | Noticed a two-headed ogre
 13172 | D:10     | Killed a two-headed ogre
 13173 | D:10     | Reached XP level 11. HP: 54/54 MP: 14/24
 13316 | Lair:1   | Entered Level 1 of the Lair of Beasts
 13742 | Lair:1   | Offered knowledge of Searing Ray by Vehumet.
 13743 | Lair:1   | Reached skill level 10 in Spellcasting
 13873 | D:8      | Upgraded the game from 0.29-a0-1052-g6990b1bffc to
                  | 0.29-a0-1065-g47a6bb87d6
 13976 | D:9      | Reached skill level 10 in Earth Magic
 14034 | D:9      | Identified the ring "Pemooxea" {*Corrode rF++ MP+9}
 14318 | D:9      | Learned a level 4 spell: Iskenderun's Mystic Blast
 14335 | D:10     | Noticed a two-headed ogre
 14339 | D:10     | Killed a two-headed ogre
 14339 | D:10     | Reached *** piety under Vehumet
 14948 | D:10     | Reached skill level 5 in Conjurations
 15710 | D:10     | Found an ornate altar of the Wu Jian Council.
 15710 | D:10     | Found an ancient bone altar of Kikubaaqudgha.
 16188 | Lair:1   | Learned a level 6 spell: Starburst
 16349 | Lair:1   | Reached skill level 1 in Fighting
 16349 | Lair:1   | Reached skill level 1 in Fire Magic
 16360 | Lair:1   | Offered knowledge of Inner Flame by Vehumet.
 16373 | Lair:1   | Reached XP level 12. HP: 28/64 MP: 4/26
 17463 | Lair:1   | Reached skill level 5 in Fighting
 17900 | Lair:2   | Reached skill level 5 in Fire Magic
 17953 | Lair:2   | Slain by a yak

Illustrated notes

Levels and vault maps discovered:
D:1:      wander_arrival_peaceful_grave, layout_basic, serial_shops, shop,
          minmay_3d_cube
D:2:      layout_loops_ring, ebering_ecumenical_altar_abandoned,
          minmay_misc_feat_roman
D:3:      layout_loops_ring, nicolae_overflow_crystal_walls,
          portal_sewer_entry_e
D:4:      layout_basic
D:5:      layout_loops_ring, trog_wizard, minmay_temple_entry_mini_moons,
          nicolae_ossuary_entry_plus
D:6:      layout_loops_cross, uniq_sigmund
D:7:      layout_basic, moated_statue
D:8:      layout_basic, beargit_hepliaklqana_dungeon_heroes, lair_entry_dummy,
          serial_undead, serial_undead_d, serial_undead_c, serial_undead_c,
          serial_undead_f, enter_bailey_2
D:9:      layout_roguey [special_room_orc], kennysheep_generic_room_11
D:10:     layout_stronghold, gammafunk_temple_overflow_wave
Temple:   minmay_crystal_spiral_temple
Lair:1:   layout_cave_pods, lemuel_fruit_tree, grunt_megastairs_2,
          infiniplex_staircase_pool
Lair:2:   layout_regular_city, minmay_snake_entry_guardpost_medium,
          nicolae_volcano_entry_lava_flow

Skill      XL: |  1  2  3  4  5  6  7  8  9 10 11 12 |
---------------+-------------------------------------+-----
Earth Magic    | 4 5 6 7 8 9 10 | 10.0
Conjurations   | 1 2 3 7 |  7.6
Spellcasting   | 3 4 6 7 9 10 | 10.0
Necromancy     | 1 4 7 8 9 |  9.3
Fighting       | 3 6 |  6.0
Fire Magic     | 2 5 |  5.4
Dodging        | |  1.5
Stealth        | |  2.1
Transmutations | |  0.7

Action                   |  1- 3 |  4- 6 |  7- 9 | 10-12 || total
-------------------------+-------+-------+-------+-------++-------
Melee: Unarmed           |    10 |       |       |       ||    10
       Dagger            |     1 |       |       |       ||     1
       Short sword       |     6 |    18 |       |       ||    24
       Mace              |       |    59 |    65 |   150 ||   274
       Punch             |       |     1 |       |     1 ||     2
 Cast: Sandblast         |    51 |    75 |    30 |       ||   156
       Stone Arrow       |       |       |   102 |   169 ||   271
       Mephitic Cloud    |       |       |     2 |     3 ||     5
       Borgnjor's Vile C |       |       |       |    22 ||    22
  Use: Scroll            |     7 |     1 |    11 |     9 ||    28
       Potion            |       |       |     1 |     4 ||     5
 Stab: Sleeping          |     1 |     4 |     2 |       ||     7
Armor: Robe              |    19 |    34 |    58 |   134 ||   245
Dodge: Dodged            |    28 |    83 |    94 |   216 ||   421

Table legend: (Time is in decaauts)
 A = Elapsed time spent in this place.
 B = Non-inter-level travel time spent in this place.
 C = Inter-level travel time spent in this place.
 D = Time resting spent in this place.
 E = Time spent auto-exploring this place.
 F = Levels seen in this place.
 G = Mean time per level.
                   A        B        C        D        E       F      G
               +--------+--------+--------+--------+--------+-----+--------+
         Total |  18220 |  17251 |    969 |   5853 |   7243 |  16 | 1138.8 |
       Dungeon |  14657 |  13733 |    924 |   4336 |   6402 |  10 | 1465.7 |
        Temple |     42 |     23 |     19 |      0 |      0 |   1 |   42.0 |
          Lair |   1887 |   1862 |     25 |    602 |    838 |   2 |  943.5 |
         Sewer |    665 |    665 |      0 |    281 |      3 |   1 |  665.0 |
       Ossuary |    425 |    425 |      0 |    258 |      0 |   1 |  425.0 |
        Bailey |    541 |    541 |      0 |    376 |      0 |   1 |  541.0 |
               +--------+--------+--------+--------+--------+-----+--------+

Top non-repeatable levels by time:
     D:8: 2353 daAuts
     D:7: 2284 daAuts
  Lair:1: 1809 daAuts
     D:9: 1776 daAuts
    D:10: 1769 daAuts
     D:1: 1572 daAuts
     D:4: 1194 daAuts
     D:6: 1074 daAuts
     D:5: 946 daAuts
     D:3: 877 daAuts
     D:2: 808 daAuts
   Sewer: 665 daAuts
  Bailey: 541 daAuts
 Ossuary: 425 daAuts
  Lair:2: 78 daAuts
